 Dungeon Crawl Stone Soup version 0.27.1-16-g815e20cd7a (webtiles) character file.

Game seed: 12215054698954129995

3067 pkoi the Destroyer (level 9, 0/62 HPs)
             Began as a White Draconian Conjurer on Nov 23, 2021.
             Was a Follower of Vehumet.
             Succumbed to a hornet's poison
             ... on level 7 of the Dungeon.
             The game lasted 00:16:29 (8442 turns).

pkoi the Destroyer (White Draconian Conjurer)       Turns: 8442, Time: 00:16:30

Health: 0/62       AC: 13    Str:  9    XL:     9   Next: 58%
Magic:  5/12       EV: 12    Int: 21    God:    Vehumet [*.....]
Gold:   586        SH:  0    Dex: 11    Spells: 5/12 levels left

rFire    . . .     SeeInvis .   c - +3 dagger (speed)
rCold    + . .     Faith    .   (no shield)
rNeg     . . .     Spirit   .   (armour unavailable)
rPois    .         Reflect  .   j - +2 hat
rElec    .         Harm     .   g - +0 cloak
rCorr    .         Rampage  .   m - +0 pair of gloves
Will     .....                  q - +1 pair of boots
Stlth    ++........             n - amulet of magic regeneration
HPRegen  0.20/turn              (no ring)
MPRegen  0.38/turn              (no ring)

@: lethally poisoned (0 -> -17), short of breath, slowed, very slow
A: breathe frost, AC +7, unfitting armour, cold resistance 1, cold-blooded
a: Breathe Frost, Renounce Religion


You were on level 7 of the Dungeon.
You worshipped Vehumet.
Vehumet was aware of your devotion.
You visited 2 branches of the dungeon, and saw 8 of its levels.
You also visited: Ossuary.

You collected 586 gold pieces.

Inventory:

Hand Weapons
 c - a +3 dagger of speed (weapon)
Armour
 g - a +0 cloak (worn)
 j - a +2 hat (worn)
 m - a +0 pair of gloves (worn)
 q - a +1 pair of boots (worn)
Jewellery
 n - an amulet of magic regeneration (around neck)
Wands
 h - a wand of polymorph (5)
 u - a wand of digging (3)
 v - a wand of acid (9)
Scrolls
 e - 3 scrolls of teleportation
 f - 3 scrolls of enchant weapon
 p - 3 scrolls of enchant armour
 w - a scroll of blinking
Potions
 b - 3 potions of heal wounds
 d - 5 potions of lignification
 i - a potion of haste
 k - a potion of might
 l - 2 potions of invisibility
 o - 4 potions of curing
 r - a potion of brilliance
 s - 3 potions of flight
 t - 2 potions of attraction
 x - 2 potions of resistance
 z - 3 potions of mutation


   Skills:
 - Level 1.7 Dodging
 - Level 1.7 Stealth
 + Level 8.8 Unarmed Combat
 - Level 2.0 Spellcasting
 + Level 10.8 Conjurations


You had 5 spell levels left.
You knew the following spells:

 Your Spells              Type           Power      Damage    Failure   Level
a - Magic Dart            Conj           100%       1d8       1%          1
b - Searing Ray           Conj           94%        3d6       1%          2
c - Iskenderun's Mystic   Conj/Tloc      24%        2d7       16%         4

Your spell library contained the following spells:

 Spells                   Type           Power      Damage    Failure   Level
 Sandblast                Erth           4%         2d4       14%         1
 Dazzling Flash           Conj/Hex       48%        N/A       4%          3
 Pain                     Necr           8%         1d4       14%         1
 Fulminant Prism          Conj/Hex       12%        3d9       16%         4
 Portal Projectile        Hex/Tloc       4%         N/A       41%         3
 Agony                    Necr           2%         N/A       99%         5
 Blade Hands              Tmut           1%         N/A       99%         5
 Excruciating Wounds      Necr           1%         N/A       99%         5
 Lee's Rapid Deconstruct  Erth           1%         3d5*      99%         5


Dungeon Overview and Level Annotations

Branches:
Dungeon (7/15)             Temple (1/1) D:6         Ossuary (visited)

Altars:
Ashenzari
Cheibriados
Dithmenos
Elyvilon
Fedhas
Gozag
Hepliaklqana
Kikubaaqudgha
Nemelex Xobeh
Okawaru
Qazlal
Ru
Sif Muna
Trog
Uskayaw
Vehumet
Wu Jian
Xom
Yredelemnul
Zin
The Shining One

Shops:
D:6 ([=(


Innate Abilities, Weirdness & Mutations

You can breathe waves of freezing cold which knock back foes.
Your icy white scales are hard. (AC +7)
You cannot fit into any form of body armour.
Your flesh is cold resistant. (rC+)
You are cold-blooded and may be slowed by cold attacks.


Message History

(Press . to maintain the ray.)
The hornet stings you.
You are poisoned.
You feel yourself slow down.
The searing ray hits the hornet.
The hornet is heavily wounded.
You feel yourself speed up.
You feel very sick. The hornet stings you.
You are more poisoned.
You feel yourself slow down. The hornet barely misses you.
The searing ray hits the hornet!
The hornet is severely wounded.
You feel yourself speed up.
You feel very sick. The hornet barely misses you. The hornet misses you.
The hornet completely misses you.
Unknown command.
The searing ray hits the hornet.
The hornet is almost dead.
You finish channeling your searing ray.
You feel very sick. The hornet stings you!
* * * LOW HITPOINT WARNING * * *
You suddenly lose the ability to move!
You feel sick. The hornet stings you!
* * * LOW HITPOINT WARNING * * *
You are lethally poisoned!
You feel yourself slow down. The hornet stings you.
* * * LOW HITPOINT WARNING * * *
You shrug off the repeated paralysis!
You can move again.
Unknown command.
Press: ? - help, Shift-Dir - straight line, f/p - hornet
Aim: a hornet (almost dead)
You exhale a wave of freezing cold.
The freezing breath hits the hornet!
You kill the hornet!
Vehumet accepts your kill.
You feel your power returning.
You die...

#.# #....###...'.........,,*
##.###....# #..##.........,,*
#....'....# #..##.........,,*
#....#....###..##.........,,*
#....#......#..##.........,,*
#....#.#.##.#..######+####*,*
#....#.#.##.#..## *,* *,*
#....#.#.##.#.†.# *,*****+***
#....#.#.##+#.#@# *,,,,.,,,,*
#....#.#......#.## *,,...,,,,*
#....#.#......#..####.....,,,,*
##.#...#......+.>..)))....,,,,*
#.#####......##..###.)...,,,,*
##...........<###.# *,,...,,,,*
##......######## #.#
*,,,,.,,,,**
##......#********#<#
*,*,,,,,,,,,
++......#*,,,,,,,#.#
*,*,,,,,,,,,


There were no monsters in sight!

Vanquished Creatures
  A hornet (D:7)
  A wraith (D:6)
  Sigmund (D:5)
  2 water moccasins
  2 sky beasts
  2 ice beasts
  3 black bears
  A necrophage (D:6)
  2 centaurs (D:6)
  5 phantoms
  A kobold brigand (D:7)
  A gnoll sergeant (D:7)
  3 scorpions
  A water moccasin zombie (D:5)
  A water moccasin skeleton (D:4)
  3 bullfrog zombies (D:6)
  A centaur zombie (D:4)
  2 orc priests (D:6)
  2 centaur skeletons
  A hound (D:5)
  3 jellies
  2 bullfrog skeletons (D:6)
  2 orc wizards
  A hound skeleton (D:5)
  8 mummies (Ossuary)
  8 adders
  8 gnolls
  A howler monkey zombie (D:6)
  A white imp (D:6)
  An ufetubus (D:7)
  3 worms
  An adder skeleton (D:2)
  4 dart slugs
  18 orcs
  5 bats
  7 endoplasms
  3 giant cockroaches
  A gnoll zombie (Ossuary)
  4 goblins
  9 hobgoblins
  9 kobolds
  5 quokkas
  4 ball pythons
  3 frilled lizards
  2 hobgoblin zombies (Ossuary)
  5 orc zombies (Ossuary)
  6 rats
160 creatures vanquished.

Vanquished Creatures (others)
  3 withered plants (D:7)
3 creatures vanquished.

Grand Total: 163 creatures vanquished

Notes
Turn   | Place    | Note
-------+----------+-------------------------------------------
     0 | D:1      | pkoi the Draconian Conjurer began the quest for the Orb.
     0 | D:1      | Reached XP level 1. HP: 14/14 MP: 3/3
   356 | D:1      | Reached XP level 2. HP: 20/20 MP: 1/5
  1104 | D:1      | Learned a level 2 spell: Searing Ray
  1146 | D:1      | Reached skill level 5 in Conjurations
  1153 | D:1      | Reached XP level 3. HP: 26/26 MP: 3/6
  2144 | D:2      | Reached XP level 4. HP: 33/33 MP: 1/7
  3176 | D:3      | Noticed a +0 dagger
  3177 | D:3      | Noticed a +0 short sword
  3177 | D:3      | Noticed a +0 dagger
  3224 | D:3      | Found a broken altar of Ashenzari.
  3290 | D:3      | Reached skill level 6 in Conjurations
  3347 | D:3      | Found a hide-covered altar of Uskayaw.
  3347 | D:3      | Noticed a +0 falchion
  3347 | D:3      | Noticed a +0 spear
  3354 | D:3      | Noticed a +0 short sword
  3357 | D:3      | Noticed a +0 falchion
  3357 | D:3      | Noticed a +0 spear
  3510 | D:4      | Reached XP level 5. HP: 36/38 MP: 2/8
  3526 | D:4      | Learned a level 4 spell: Iskenderun's Mystic Blast
  3621 | D:4      | Noticed a sky beast
  3630 | D:4      | Killed a sky beast
  3631 | D:4      | Reached skill level 1 in Unarmed Combat
  3783 | D:4      | Noticed a black bear
  3792 | D:4      | Killed a black bear
  3793 | D:4      | Reached skill level 7 in Conjurations
  3793 | D:4      | Reached XP level 6. HP: 39/45 MP: 2/9
  4275 | D:4      | Your scales start taking on an icy white colour.
  4275 | D:4      | Reached XP level 7. HP: 50/50 MP: 7/10
  4275 | D:4      | Gained mutation: Your flesh is cold resistant. (rC+) [White
                  | Draconian growth]
  4344 | D:5      | Entered Level 5 of the Dungeon
  4582 | D:5      | Reached skill level 8 in Conjurations
  4888 | D:5      | Reached skill level 5 in Unarmed Combat
  5064 | D:5      | Noticed Sigmund
  5084 | D:5      | Killed Sigmund
  5085 | D:5      | Reached XP level 8. HP: 53/57 MP: 3/11
  5348 | D:5      | Identified the +1 robe of Fuzom {rElec}
  5394 | D:6      | Found Kymeocvae's Antique Weapon Emporium.
  5476 | D:6      | Reached skill level 9 in Conjurations
  5621 | D:6      | Found a staircase to the Ecumenical Temple.
  5636 | Temple   | Entered the Ecumenical Temple
  5793 | Temple   | Became a worshipper of Vehumet
  5816 | D:6      | Found Baurih's Antique Armour Boutique.
  5823 | D:6      | Found Catal's Weapon Emporium.
  5825 | D:6      | Found Fuster's Jewellery Boutique.
  5941 | D:6      | Found an opulent altar of Gozag.
  5942 | D:6      | Found a glowing golden altar of the Shining One.
  6897 | D:6      | Reached XP level 9. HP: 62/62 MP: 3/12
  6988 | D:6      | Reached skill level 10 in Conjurations
  7525 | D:7      | Found an ancient bone altar of Kikubaaqudgha.
  7526 | D:7      | Found a sand-covered staircase.
  7536 | Ossuary  | Entered an ossuary
  7877 | D:7      | Reached * piety under Vehumet
  7877 | D:7      | Offered knowledge of Sandblast by Vehumet.
  8440 | D:7      | Paralysed by a hornet for 2 turns
  8442 | D:7      | Succumbed to a hornet's poison

Illustrated notes

Levels and vault maps discovered:
D:1:      lemuel_arrival_rhombus, layout_basic
D:2:      layout_basic
D:3:      layout_basic, mainiacjoe_overflow_six_doors_small,
          nicolae_uskayaw_en_pointe, serial_park_tiny_pond
D:4:      layout_rooms, serial_curves, eino_curves_01, eino_curves_03
D:5:      layout_rooms, uniq_sigmund
D:6:      minmay_razor_zed, layout_layer_cave, gammafunk_temple_overflow_pools,
          minmay_temple_entry_stoned_glass, serial_shops,
          nicolae_shop_overgrown_old_shop, nicolae_wooded_promenade
D:7:      layout_basic, general_overflow_altar, kiku_gazebo_garden_becter,
          lightli_ossuary_entry_decrepit_ruins
Temple:   eino_temple_rhombus

Skill      XL: |  1  2  3  4  5  6  7  8  9 |
---------------+----------------------------+-----
Conjurations   | 5 6 7 8 9 10 | 10.8
Unarmed Combat | 2 3 5 7 8 |  8.8
Dodging        | |  1.7
Stealth        | |  1.7
Spellcasting   | |  2.0

Action                   |  1- 3 |  4- 6 |  7- 9 || total
-------------------------+-------+-------+-------++-------
Melee: Unarmed           |    34 |       |       ||    34
       Tailslap          |     5 |     9 |     7 ||    21
       Dagger            |       |    56 |   126 ||   182
       Punch             |       |       |     7 ||     7
 Cast: Magic Dart        |    73 |    66 |   158 ||   297
       Searing Ray       |     1 |     5 |    42 ||    48
 Abil: Breathe Frost     |       |       |     2 ||     2
  Use: Scroll            |     3 |     1 |    14 ||    18
       Potion            |       |       |     1 ||     1
Armor: Skin              |     9 |    26 |    62 ||    97
Dodge: Dodged            |    24 |    40 |    82 ||   146
